Match 47008733
Unlisted

Match 47008733
End
Vickers Machine Gun Team
Construct Section Command Post
Selects Heavy Armor Battlegroup
ML 3-inch Mortar Team
Infantry Section
Infantry Section
Selects Rigorous Vehicle Training
Construct Platoon Command Post
Infantry Section
6-pounder Anti-tank Gun Team
Unlock Bishop Self-propelled Artillery
Construct Field Infirmary
Infantry Training
Selects Light Vehicle Withdraw and Refit
Bishop Self-propelled Artillery
Grenade Package
6-pounder Anti-tank Gun Team
Team Weapon Training
Construct Company Command Post
Selects Forward Repair Assembly
Crusader II Medium Tank
Selects Churchill Black Prince Heavy Tank
CAuMOH
K̳itsuné
nub
Ares
0
0

Comments sign in to comment!

No comments posted yet!